Map: Winter's Gate LE

Players

CannonRusher - Winner!

  • Race: Protoss Protoss
  • League: Master
  • Spawn Location: 5:00

Trooper

  • Race: Terran Terran
  • League: Master
  • Spawn Location: 11:00

VOD

Have the link to the VOD?

Description

Time

  • Played on: Sept. 8, 2019, 2:47 p.m.
  • Length: 12:13
Show
View Real Time Build Order
Export as new Build Order

CannonRusher Protoss - Winner!

Build Orders:  

Get SALT Encoding   

  12  0:01  Probe  
  13  0:13  Probe  
  14  0:18  Pylon  
  14  0:25  Probe  
  15  0:37  Probe  
  15  0:39  Forge  
  16  1:09  Pylon  
  16  1:29  Photon Cannon  
  16  1:30  Gateway  
  16  1:31  Pylon  
  16  1:44  Probe  
  17  1:51  Photon Cannon  
  17  1:55  Probe  
  17  1:58  Assimilator  
  18  2:02  Assimilator  
  18  2:03  Probe  
  19  2:13  Probe  
  20  2:18  Zealot  
  22  2:25  Cybernetics Core, Probe  
  23  2:37  Probe  
  24  2:49  Probe  
  25  2:54  Pylon  
  25  3:01  Probe  
  26  3:06  Stargate  
  26  3:10  Adept  
  28  3:13  Probe  
  28  3:14  Shield Battery  
  28  3:15  Shield Battery  
  29  3:23  Shield Battery  
  29  3:39  Void Ray  
  29  3:50  Shield Battery  
  29  3:55  Pylon  
  33  4:04  Photon Cannon  
  33  4:13  Void Ray  
  33  4:17  Photon Cannon  
  34  4:43  Probe  
  35  4:57  Photon Cannon  
  36  5:03  Pylon  
  35  5:13  Fleet Beacon  
  35  5:28  Photon Cannon, Probe  
  36  5:50  Shield Battery, Tempest  
  41  6:16  Pylon  
  41  6:25  Tempest  
  41  6:34  Photon Cannon  
  46  6:58  Tempest  
  50  7:08  Shield Battery  
  50  7:16  Photon Cannon  
  50  7:23  Shield Battery  
  50  7:35  Tempest  
  55  7:53  Shield Battery  
  55  8:08  Pylon  
  55  8:14  Photon Cannon  
  55  8:23  Nexus  
  55  8:24  Tempest  
  56  8:59  Tempest  
  56  9:00  Pylon  
  56  9:16  Twilight Council  
  55  9:20  Probe  
  46  9:32  Probe  
  47  9:39  Probe  
  48  9:51  Probe  
  49  9:56  Tempest  
  54  10:03  Probe  
  53  10:24  Shield Battery  
  53  10:26  Probe  
  54  10:28  Assimilator  
  54  10:29  Photon Cannon  
  54  10:38  Probe  
  50  11:06  Probe  
  51  11:13  Tempest  
  51  11:18  Probe  
  57  11:20  Shield Battery  
  57  11:28  Gateway  
  57  11:32  Probe  
  58  11:49  Photon Cannon  
  58  11:53  Photon Cannon, Probe  
Show
View Real Time Build Order
Export as new Build Order

Trooper Terran 

Build Orders: Liberator Opening 

Get SALT Encoding   

  12  0:00  SCV  
  13  0:13  Supply Depot  
  13  0:17  SCV  
  14  0:29  Refinery  
  14  0:39  Barracks  
  14  0:50  Supply Depot  
  14  0:53  SCV  
  15  1:09  SCV  
  16  1:21  Refinery, SCV  
  17  1:28  Marine  
  17  1:30  Bunker  
  18  1:47  Marine  
  18  1:52  Factory  
  19  1:55  SCV  
  20  2:07  SCV  
  21  2:19  Marine  
  22  2:25  Orbital Command  
  22  2:38  Factory Tech Lab  
  22  2:55  Starport  
  22  3:08  Cyclone  
  22  3:11  SCV  
  25  3:13  Liberator  
  25  3:14  Marine  
  26  3:25  Supply Depot  
  29  3:36  SCV  
  30  3:57  Supply Depot  
  30  4:03  Engineering Bay  
  30  4:05  Cyclone  
  30  4:06  Marine  
  34  4:22  SCV  
  35  4:24  Marine  
  35  4:27  Barracks  
  33  4:34  SCV  
  34  4:42  Marine  
  34  4:43  Cyclone  
  37  4:58  Missile Turret  
  37  5:00  Marine  
  38  5:10  SCV  
  38  5:22  Mag-Field Accelerator, Marine  
  39  5:32  Supply Depot  
  39  5:35  Supply Depot  
  39  5:54  SCV, Marine  
  39  5:55  Siege Tank  
  41  6:08  Marine  
  42  6:12  Marine  
  43  6:24  Command Center  
  43  6:26  Marine  
  44  6:41  Cyclone  
  42  6:54  Marine x2  
  37  7:04  SCV  
  38  7:11  Starport  
  38  7:14  Cyclone  
  41  7:16  SCV  
  41  7:28  Marine x2, SCV  
  44  7:39  Liberator  
  44  7:45  Orbital Command  
  44  7:46  Cyclone  
  44  7:49  Marine  
  48  7:57  Marine  
  52  8:07  Marine  
  52  8:18  Marine  
  51  8:29  Marine  
  51  8:30  Cyclone  
  54  8:34  SCV  
  54  8:35  SCV  
  54  8:36  Marine  
  57  8:47  Marine, SCV  
  56  8:58  Medivac  
  56  9:02  Marine  
  55  9:11  Cyclone  
  55  9:12  SCV x2  
  60  9:18  Marine  
  58  9:30  Marine  
  59  9:39  SCV  
  59  9:40  Medivac  
  62  9:57  Supply Depot  
  62  10:10  Marine  
  62  10:11  Marine  
  62  10:13  Supply Depot  
  61  10:14  Supply Depot  
  61  10:19  Cyclone  
  61  10:27  Marine  
  62  10:28  Viking  
  62  10:30  Marine  
  65  10:41  SCV  
  63  10:43  Barracks  
  63  10:45  Marine  
  61  10:51  Cyclone  
  61  10:55  Marine  
  60  10:58  Viking  
  60  11:03  Marine, SCV x2  
  62  11:26  Marine x2  
  67  11:36  Cyclone  
  67  11:41  Marine  
  67  11:43  Marine  
  67  11:44  Marine  
Tags
 
Add a new tag
Caveats
  • Supply blocks, unpowered buildings, or Contaminate may cause inaccurate times.
  • Supply counts are checked every 10 seconds.